 Seeded DCSS version 0.28.0-43-g3370ac3207 (webtiles) character file.

Game seed: 13591998346360536447 (custom seed)

431 hikkokomori the Skirmisher (level 6, 0/56 HPs)
             Began as a Hill Orc Fighter on Mar 2, 2022.
             Was an Initiate of Beogh.
             Slain by an ogre
             ... wielding a +0 giant club
              (17 damage)
             ... on level 5 of the Dungeon.
             The game lasted 00:05:53 (3302 turns).

hikkokomori the Skirmisher (Hill Orc Fighter)       Turns: 3302, Time: 00:05:54

Health: 0/56       AC: 18    Str: 25    XL:     6   Next: 99%
Magic:  6/6        EV:  6    Int:  8    God:    Beogh [......]
Gold:   144        SH: 10    Dex: 10    Spells: 5/5 levels left

rFire   + . .      SeeInvis .   a - +0 war axe
rCold   . . .      Faith    .   c - +0 buckler
rNeg    . . .      Spirit   .   r - +4 plate armour
rPois   .          Reflect  +   n - +1 hat
rElec   +          Harm     .   (no cloak)
rCorr   +          Rampage  .   k - +0 pair of gloves of the Imp {rElec rCorr}
Will    .....                   (no boots)
Stlth   ..........              l - amulet "Heq Qau" {Reflect Str+4 SH+5}
HPRegen 0.18/turn               m - ring of protection from fire
MPRegen 0.10/turn               (no ring)

@: studying 2 skills
A: no striking features
a: Renounce Religion


You were on level 5 of the Dungeon.
You worshipped Beogh.
Beogh was noncommittal.
You visited 1 branch of the dungeon, and saw 5 of its levels.

You collected 144 gold pieces.

Inventory:

Hand Weapons
 a - a +0 war axe (weapon)
Armour
 b - a +0 scale mail
 c - a +0 buckler (worn)
 k - the +0 pair of gloves of the Imp (worn) {rElec rCorr}
   (You acquired it on level 2 of the Dungeon)

   rElec:     It insulates you from electricity.
   rCorr:     It protects you from acid and corrosion.
 n - a +1 hat (worn)
 r - a +4 plate armour (worn)
Jewellery
 h - a ring of protection from fire
 j - a ring of resist corrosion
 l - the amulet "Heq Qau" (around neck) {Reflect Str+4 SH+5}
   (You acquired it on level 2 of the Dungeon)

   [amulet of reflection]

   It reflects blocked missile attacks.
   Str:       It affects your strength (+4).
   SH:        It affects your SH (+5).
 m - a ring of protection from fire (left hand)
Scrolls
 e - 2 scrolls of teleportation {unknown}
 g - 5 scrolls of identify {unknown}
 i - a scroll of vulnerability {unknown}
 o - a scroll of torment {unknown}
 p - 2 scrolls of summoning {unknown}
 u - a scroll of amnesia {unknown}
Potions
 d - a potion of might
 f - 3 potions of haste {unknown}
 q - a potion of lignification {unknown}
 t - a potion of mutation {unknown}


   Skills:
 + Level 5.5 Fighting
 + Level 5.2 Axes
 + Level 5.1 Armour
 + Level 5.0 Shields


You had 5 spell levels left.
You didn't know any spells.
Your spell library contained the following spells:

 Spells                   Type           Power      Damage    Failure   Level
 Static Discharge         Conj/Air       0%         N/A       100%        2
 Sublimation of Blood     Necr           0%         N/A       100%        2
 Wereblood                Tmut           0%         N/A       100%        2
 Ozocubu's Armour         Ice            0%         N/A       100%        3
 Dispel Undead            Necr           0%         3d6       100%        4
 Sticky Flame             Conj/Fire      0%         2d3       100%        4
 Ozocubu's Refrigeration  Ice            0%         4d5       100%        7
 Summon Hydra             Summ           0%         N/A       100%        7


Dungeon Overview and Level Annotations

Branches:
Dungeon (5/15)
 Temple: D:4-7

Altars:
Hepliaklqana
The Shining One

Annotations:
D:3 2 transporters, Jimsonite's ghost, amateur HuHu
D:5 Ijyb


Message History

The iguana is severely wounded.
You block the iguana's attack.
You slash the iguana!
You kill the iguana!
Beogh accepts your kill.
You barely miss the ogre. You block the ogre's attack.
You hit the ogre.
The ogre is lightly wounded.
The ogre barely misses you.
You hit the ogre.
The ogre is moderately wounded.
You block the ogre's attack.
You hit the ogre.
The ogre is heavily wounded.
The ogre barely misses you.
You barely miss the ogre.
The ogre is heavily wounded.
The ogre hits you but does no damage.
You barely miss the ogre.
The ogre is heavily wounded.
You block the ogre's attack.
You hit the ogre.
The ogre is heavily wounded.
You block the ogre's attack.
You slash the ogre!
The ogre is almost dead.
The ogre barely misses you.
You completely miss the ogre.
The ogre is almost dead.
The ogre hits you with a +0 giant club!
You barely miss the ogre.
The ogre is almost dead.
You block the ogre's attack.
You closely miss the ogre.
The ogre is almost dead.
The ogre hits you with a +0 giant club!!
You hit the ogre.
The ogre is almost dead.
The ogre hits you with a +0 giant club!
You die...

#.# #.# #.#
# #.# .#.
#.# ....
#.# .$...
#.#
$..<).###@#
....†.glO.#
.....######
..o .


You could see an ogre, Ijyb and an iguana.

Vanquished Creatures
  Edmund (D:4)
  A hound (D:4)
  A bullfrog skeleton (D:4)
  An iguana (D:5)
  Natasha (D:2)
  An orc wizard (D:5)
  2 hound skeletons (D:4)
  3 gnolls (D:4)
  2 adders
  2 adder skeletons (D:4)
  3 worms
  6 dart slugs
  2 orcs
  3 bats
  8 endoplasms
  2 giant cockroaches
  10 hobgoblins
  5 jackals
  8 kobolds
  A quokka (D:2)
  5 ball pythons
  A frilled lizard (D:2)
  4 goblins
  9 rats
  A spectral hobgoblin (D:4)
83 creatures vanquished.

Vanquished Creatures (others)
  An orc priest (D:5)
  An adder (D:5)
2 creatures vanquished.

Grand Total: 85 creatures vanquished

Notes
Turn   | Place    | Note
-------+----------+-------------------------------------------
     0 | D:1      | hikkokomori the Hill Orc Fighter began the quest for the
                  | Orb.
     0 | D:1      | Reached XP level 1. HP: 19/19 MP: 1/1
   172 | D:1      | Reached XP level 2. HP: 27/27 MP: 2/2
   367 | D:1      | Reached XP level 3. HP: 31/33 MP: 3/3
  1068 | D:2      | Identified 3 scrolls of acquirement
  1068 | D:2      | Acquired the +0 pair of gloves of the Imp {rElec rCorr}
  1070 | D:2      | Acquired the amulet "Heq Qau" {Reflect Str+4 SH+5}
  1072 | D:2      | Acquired a manual of Earth Magic
  1105 | D:2      | Found a faded altar of an unknown god.
  1152 | D:2      | Reached XP level 4. HP: 40/40 MP: 4/4
  1367 | D:2      | Noticed Natasha
  1371 | D:2      | Killed Natasha
  1607 | D:3      | Found a glowing golden altar of the Shining One.
  1913 | D:3      | Found a transporter.
  2016 | D:3      | Found a transporter.
  2017 | D:3      | Noticed Jimsonite's ghost (amateur HuHu)
  2133 | D:3      | Identified the +1 whip of Eternal Harmony {flame, rElec
                  | Int+2}
  2379 | D:4      | Reached XP level 5. HP: 44/47 MP: 5/5
  2817 | D:4      | Reached skill level 5 in Fighting
  2817 | D:4      | Reached XP level 6. HP: 56/56 MP: 6/6
  3076 | D:4      | Found a hazy altar of Hepliaklqana.
  3134 | D:5      | Entered Level 5 of the Dungeon
  3135 | D:5      | Became a worshipper of Beogh the Brigand
  3139 | D:5      | Noticed Ijyb
  3139 | D:5      | Noticed Edmund
  3159 | D:4      | Killed Edmund
  3160 | D:4      | Reached skill level 5 in Axes
  3163 | D:4      | Acquired a manual of Armour
  3285 | D:5      | Reached skill level 5 in Armour
  3285 | D:5      | Reached skill level 5 in Shields
  3302 | D:5      | Slain by an ogre

Illustrated notes

Levels and vault maps discovered:
D:1:      wander_arrival_fairy_ring, layout_basic, chequers_serial_rivers_room_a
D:2:      layout_loops_ring, shapermc_ecumenical_altar_venn, uniq_natasha
D:3:      layout_loops_ring, mainiacjoe_overflow_chevrons,
          gammafunk_ghost_arena, hangedman_glass_teeth
D:4:      layout_basic, nicolae_hepliaklqana_monster_ancestors,
          due_unseen_surprise
D:5:      layout_basic, lemuel_doored_altar, overflow_temple_1_default,
          amethyst_overflow_temple_binary, minmay_manual_mess, uniq_ijyb,
          uniq_edmund, uniq_sigmund, uniq_menkaure

Skill      XL: |  1  2  3  4  5  6 |
---------------+-------------------+-----
Axes           | 3 4 5 |  5.2
Fighting       | 4 5 |  5.5
Armour         | 4 5 |  5.1
Shields        | 4 5 |  5.0

Action                   |  1- 3 |  4- 6 || total
-------------------------+-------+-------++-------
Melee: War axe           |   112 |   170 ||   282
Invok: Convert to Beogh  |       |     1 ||     1
  Use: Scroll            |     3 |     1 ||     4
Armor: Scale mail        |    60 |    16 ||    76
       Plate armour      |       |    58 ||    58
Dodge: Dodged            |    49 |    49 ||    98
Block: Buckler           |    28 |    71 ||    99
       Reflection        |     2 |     2 ||     4
